Cogmind - Beta 13 @@@ ROGUE MODE // 2024.04.11 @ 15:38:32 Player: Ferns Result: Destroyed by H-61 Shepherd with Heavy Assault Cannon Performance ------------- Evolutions (2) 1000 Regions Visited (4) 800 Robots Destroyed (51) 255 Value Destroyed (1359) 1359 Prototype IDs (3) 60 Alien Tech Used (0) 0 Bonus (176) 176 TOTAL SCORE: 3650 Bonus ------- High Alert Combat Kills 176 Cogmind --------- Core Integrity 0/550 Matter 267/300 Energy 140/140 System Corruption 0% Temperature Cool (0) Movement Rolling (105) Ox1 Location -8/Materials Parts ------- > --- POWER (1) -------- Light Deuterium Engine > --- PROPULSION (3) --- Armored Wheel Armored Wheel Armored Wheel > --- UTILITY (4) ------ Improved Heat Sink High-capacity Storage Unit Actuator Array Improved Light Armor Plating > --- WEAPON (3) ------- Heavy Particle Gun Assault Cannon Katana > --- INVENTORY (20) --- Advanced Treads Advanced Treads Armored Wheel Improved Sensor Array Signal Interpreter Recoil Stabilizer Propulsion Shielding Improved Weapon Shielding Hardened Medium Armor Plating Improved Light Armor Plating Reactive Plating Hacking Suite Heavy Particle Cannon Ion Cannon Grenade Launcher Scythe Signal Generator Peak State ------------ > --- POWER ------------ Light Nuclear Core > --- PROPULSION ------- Armored Wheel Armored Wheel Armored Wheel > --- UTILITY ---------- Improved Heat Sink High-capacity Storage Unit Hardened Medium Armor Plating Hardened Medium Armor Plating > --- WEAPON ----------- Heavy Particle Gun Gauss Rifle Katana > --- INVENTORY -------- Light Deuterium Engine Advanced Treads Wheel Armored Wheel Armored Wheel Improved Heat Sink Sensor Array Signal Interpreter Improved Terrain Scanner Reaction Control System Propulsion Shielding Hardened Medium Armor Plating Shock Rifle Ion Cannon Ion Cannon Ion Cannon Ion Cannon Ion Cannon Grenade Launcher Signal Generator [Rating: 35] Favorites ----------- Power Ion Engine Engine Ion Engine Power Core Light Nuclear Core Propulsion Armored Wheel Leg Improved Aluminum Leg Wheel Armored Wheel Utility High-capacity Storage Unit Device Seismic Detector Storage High-capacity Storage Unit Protection Hardened Medium Armor Plating Weapon Light Cannon Energy Gun Heavy Particle Gun Energy Cannon Subdweller Beam Cannon Ballistic Gun Gauss Rifle Ballistic Cannon Light Cannon Launcher Grenade Launcher Slashing Weapon Katana Build | -11 -10 -10 -10 -8 ------- Run | Yrd Mat Min Sub Mat Slots Evolved 4 | . . . . 4 Power . | . . . . . Propulsion 1 | . . . . 1 Utility 2 | . . . . 2 Weapon 1 | . . . . 1 Parts Attached 67 | 8 6 1 12 40 Power 10 | 2 1 1 2 4 Engine 8 | 2 1 1 2 2 Core 2 | . . . . 2 Reactor . | . . . . . Propulsion 17 | 2 1 . 4 10 Treads . | . . . . . Leg 1 | . . . . 1 Wheel 16 | 2 1 . 4 9 Hover . | . . . . . Flight . | . . . . . Utility 16 | 2 2 . 1 11 Device 8 | 1 1 . . 6 Storage 2 | 1 1 . . . Processor . | . . . . . Hackware . | . . . . . Protection 6 | . . . 1 5 Artifact . | . . . . . Weapon 24 | 2 2 . 5 15 Energy Gun 2 | . . . . 2 Energy Cannon 5 | . . . 1 4 Ballistic Gun 7 | 2 . . . 5 Ballistic Cannon 7 | . 2 . 3 2 Launcher 2 | . . . 1 1 Special Weapon . | . . . . . Impact Weapon . | . . . . . Slashing Weapon 1 | . . . . 1 Piercing Weapon . | . . . . . Special Melee Weapon . | . . . . . Unidentified Prototypes 3 | . . . . 3 Parts Lost 25 | . . . 6 19 Power 3 | . . . 1 2 Propulsion 6 | . . . 2 4 Utility 7 | . . . 1 6 Weapon 9 | . . . 2 7 Highest Loss Streak 9 | . . . 4 9 To Critical Strikes . | . . . . . Average Slot Usage (%) 97 | . 100 100 95 95 Engine 9 | . 14 14 13 2 Core 2 | . . . . 5 Wheel 26 | . 28 28 25 24 Device 12 | . 14 14 4 13 Storage 11 | . 14 14 14 9 Protection 6 | . . . 8 12 Energy Gun 2 | . . . . 6 Energy Cannon 2 | . . . 6 3 Ballistic Gun 4 | . 10 . . 6 Ballistic Cannon 15 | . 17 28 19 4 Slashing Weapon 2 | . . . . 5 Naked Turns . | . . . . . Heaviest Build 76 | 14 50 52 59 76 Greatest Support 50 | 32 32 26 30 50 Greatest Overweight (x) 20 | . 1 1 5 20 Average Overweight (x) . | . . 1 1 1 Largest Inventory Capacity 20 | 8 20 20 20 20 Average Capacity 17 | 7 8 20 20 20 Most Carried 20 | 5 10 14 19 20 Average Carried 14 | 1 7 13 15 18 Final Capacity 20 | 8 20 20 20 20 Final Carried 19 | 5 10 14 19 17 Class Distribution -------------------- 88% | Mutant 9% | Scavenger-Tank Dominant Class ---------------- Mutant | -10/Materials Mutant | -10/Mines Mutant | -10/Subcaves Mutant | -8/Materials Resources | -11 -10 -10 -10 -8 ----------- Run | Yrd Mat Min Sub Mat Matter Collected 1533 | 226 260 144 199 704 Remotely . | . . . . . Salvage Created 1440 | 23 182 5 154 1076 Parts 82 | 4 11 1 12 54 Haulers Intercepted 2 | . 1 . . 1 Recyclers Shooed . | . . . . . Parts Field Recycled . | . . . . . Retrieved Matter . | . . . . . Parts Self-Destructed 4 | . . . 4 . Prevented . | . . . . . Kills | -11 -10 -10 -10 -8 ------- Run | Yrd Mat Min Sub Mat Combat Hostiles Destroyed 40 | . 7 2 9 22 Melee 7 | . . . . 7 Guns 12 | . 7 . . 5 Cannons 16 | . . 2 6 8 AOE 5 | . . . 3 2 Classes Destroyed 12 | 1 4 . 1 6 Worker 1 | . . . . 1 Builder 1 | . . . . 1 Tunneler 1 | 1 . . . . Hauler 2 | . 1 . . 1 Recycler 1 | . . . . 1 Operator 2 | . . . . 2 Watcher 3 | . 1 . . 2 Swarmer 18 | . 6 2 4 6 Grunt 12 | . 1 . . 11 Duelist 1 | . . . . 1 Sentry 4 | . . . . 4 Subdweller 5 | . . . 5 . Best Kill Streak 8 | 1 4 2 4 8 Combat Bots Only 6 | . 4 2 4 6 Max Kills in Single Turn 3 | 1 1 1 3 2 Gunslinging 1 | . . . . 1 Exploded 3 | . . . 3 2 Melee 1 | . . . . 1 Uniques/NPCs Destroyed . | . . . . . Combat | -11 -10 -10 -10 -8 -------- Run | Yrd Mat Min Sub Mat Hostile Shots Fired 343 | . 32 19 82 210 Missed 87 | . 6 6 24 51 Damage Taken 4200 | . 197 118 893 2992 Core 829 | . 42 6 177 604 Absorbed by Shields . | . . . . . Redirected to Shielding 50 | . . . . 50 Core Remaining (%) 55 | 100 . . 10 . Volleys Fired 135 | 7 31 11 27 59 Largest 3 | 2 2 2 2 3 Hottest 168 | 40 70 70 119 168 Shots Fired 270 | 14 62 22 49 123 Gun 136 | 14 42 . . 80 Cannon 131 | . 20 22 48 41 Launcher 3 | . . . 1 2 Special . | . . . . . Kinetic 217 | 14 62 22 46 73 Thermal 50 | . . . 2 48 Explosive 3 | . . . 1 2 Electromagnetic . | . . . . . Robot Hit Streak 11 | 5 7 3 11 6 Robot Miss Streak 4 | 2 3 4 3 3 Penetration Max 1 | . . . . 1 Secondary Targets 2 | . 1 . . 1 Max Gunslinging Chain 1 | . 1 . . 1 Shots Hit Robots 170 | 9 31 9 34 87 Core Hits 68 | 2 13 3 13 37 Critical Kills 1 | . 1 . . . Critical Parts Destroyed . | . . . . . Critical Strikes 4 | . 2 1 1 . Destroy 1 | . 1 . . . Blast 3 | . 1 1 1 . Melee Attacks 23 | . . . . 23 Impact . | . . . . . Slashing 23 | . . . . 23 Piercing . | . . . . . Sneak Attacks . | . . . . . Combat Hostiles . | . . . . . Follow-up Attacks . | . . . . . Damage Inflicted 3760 | 103 367 170 764 2356 Guns 1255 | 103 229 . . 923 Cannons 1622 | . 138 170 590 724 Explosions 420 | . . . 174 246 Melee 463 | . . . . 463 Ramming . | . . . . . Kinetic 2166 | 103 367 170 535 991 Thermal 872 | . . . 55 817 Explosive 259 | . . . 174 85 Electromagnetic . | . . . . . Impact . | . . . . . Slashing 463 | . . . . 463 Piercing . | . . . . . Highest Corruption . | . . . . . Average Corruption . | . . . . . Corruption Purged . | . . . . . Corruption Blocked . | . . . . . Overload Shots . | . . . . . Overflow Damage 149 | . 19 . 5 125 Projectiles 29 | . 19 . . 10 Explosions 102 | . . . 5 97 Melee 18 | . . . . 18 Knockbacks 20 | . 5 4 6 5 Impact . | . . . . . Kinetic 18 | . 5 3 6 4 Secondary 2 | . . 1 . 1 Self-Inflicted Damage 144 | . . . . 144 Shots 3 | . . . . 3 Rammed . | . . . . . Targets Rammed . | . . . . . Kicked . | . . . . . Crushed . | . . . . . Highest Temperature 319 | . 27 72 6 319 Average Temperature 69 | . 11 29 4 95 Received Heat Transfer 1128 | . . 9 264 855 Siege Activations . | . . . . . Robots Corrupted . | . . . . . Combat Hostiles . | . . . . . Parts Fried . | . . . . . Impact Corruptions . | . . . . . Robots Melted . | . . . . . Combat Hostiles . | . . . . . Parts Melted . | . . . . . Heat Transferred 1347 | . . . 74 1273 Parts Sabotaged . | . . . . . Parts Stolen . | . . . . . Parts Stripped . | . . . . . Power Chain Reactions . | . . . . . Alert | -11 -10 -10 -10 -8 ------- Run | Yrd Mat Min Sub Mat Peak Influence 690 | 5 243 66 . 690 Initial 262 | . 3 16 . 262 Average 268 | . 157 13 . 520 Maximum Alert Level 2 | . 1 . . 2 Low Security (%) 44 | 100 41 100 . . Level 1 15 | . 58 . . 9 Level 2 40 | . . . . 90 Level 3 . | . . . . . Level 4 . | . . . . . Level 5 . | . . . . . High Security . | . . . . . Max Security . | . . . . . Squads Dispatched 3 | . . . . 3 Investigation . | . . . . . Extermination . | . . . . . Reinforcement 2 | . . . . 2 Assault . | . . . . . Garrison 1 | . . . . 1 Intercept . | . . . . . Searches Triggered . | . . . . . Construction Impeded . | . . . . . Haulers Reinforced . | . . . . . Active Scanning Responses . | . . . . . Cargo Convoy Interrupts . | . . . . . Stealth | -11 -10 -10 -10 -8 --------- Run | Yrd Mat Min Sub Mat Distress Signals 4 | . . . . 4 Communications Jammed . | . . . . . Distress Signals . | . . . . . Times Spotted 89 | . 12 8 31 38 Peak Tracking Total 9 | . 4 3 6 9 Tactical Retreats 8 | . 2 . 2 4 Traps | -11 -10 -10 -10 -8 ------- Run | Yrd Mat Min Sub Mat Traps Triggered 1 | . . . 1 . Indirectly . | . . . . . Trap Hack Attempts . | . . . . . Triggered . | . . . . . Disarmed . | . . . . . Reprogrammed . | . . . . . Reused . | . . . . . Traps Extracted . | . . . . . Installed . | . . . . . Triggered . | . . . . . Machines | -11 -10 -10 -10 -8 ---------- Run | Yrd Mat Min Sub Mat Machines Disabled 9 | . . . 1 8 Max in Single Turn 4 | . . . 1 4 Machines Repaired . | . . . . . Machines Dismantled . | . . . . . Machines Sabotaged . | . . . . . Overloaded Fab Kills . | . . . . . Hacking | -11 -10 -10 -10 -8 --------- Run | Yrd Mat Min Sub Mat Machines Accessed 2 | . 1 . . 1 Terminals 2 | . 1 . . 1 Fabricators . | . . . . . Repair Stations . | . . . . . Recycling Units . | . . . . . Scanalyzers . | . . . . . Garrison Access . | . . . . . Total Hacks 2 | . 1 . . 1 Successful 2 | . 1 . . 1 Failed . | . . . . . Catastrophic . | . . . . . Database Lockouts . | . . . . . Manual 1 | . . . . 1 Terminals 2 | . 1 . . 1 Fabricators . | . . . . . Repair Stations . | . . . . . Recycling Units . | . . . . . Scanalyzers . | . . . . . Garrison Access . | . . . . . Terminal Hacks 2 | . 1 . . 1 Unreport Threat 1 | . . . . 1 Locate Traps 1 | . 1 . . . Fabricator Hacks . | . . . . . Repair Station Hacks . | . . . . . Recycling Unit Hacks . | . . . . . Scanalyzer . | . . . . . Garrison Access Hacks . | . . . . . Unauthorized Hacks . | . . . . . Terminals . | . . . . . Fabricators . | . . . . . Repair Stations . | . . . . . Recycling Units . | . . . . . Scanalyzers . | . . . . . Garrison Access . | . . . . . Data Cores Recovered 1 | . . . . 1 Used 1 | . . . . 1 Hacking Detections . | . . . . . Full Trace Events . | . . . . . Feedback Events . | . . . . . Feedback Blocked . | . . . . . Robot Schematics Acquired . | . . . . . Robots Built . | . . . . . Authchips . | . . . . . Time . | . . . . . Total Robot Build Rating . | . . . . . Part Schematics Acquired . | . . . . . Parts Built . | . . . . . Authchips . | . . . . . Time . | . . . . . Total Part Build Rating . | . . . . . Parts Repaired . | . . . . . Time . | . . . . . Parts Recycled . | . . . . . Recycled Matter . | . . . . . Retrieved Matter . | . . . . . Retrieved Components . | . . . . . Parts Scanalyzed . | . . . . . Part Schematics Acquired . | . . . . . Parts Damaged . | . . . . . Bothacking | -11 -10 -10 -10 -8 ------------ Run | Yrd Mat Min Sub Mat Used RIF Installer . | . . . . . Robots Hacked . | . . . . . Non-combat . | . . . . . Combat . | . . . . . Robot Hacks Applied . | . . . . . Relay Couplers Released . | . . . . . Fabnet Peak Effective % . | . . . . . Robots Rewired . | . . . . . Allies Hacked . | . . . . . Hacks Repelled . | . . . . . Allies | -11 -10 -10 -10 -8 -------- Run | Yrd Mat Min Sub Mat Total Allies . | . . . . . Largest Group . | . . . . . Highest-Rated Group . | . . . . . Highest-Rated Ally . | . . . . . Total Orders . | . . . . . Ally Attacks . | . . . . . Total Damage . | . . . . . Kills . | . . . . . Allies Corrupted . | . . . . . Allies Melted . | . . . . . Intel | -11 -10 -10 -10 -8 ------- Run | Yrd Mat Min Sub Mat Robot Analysis Total . | . . . . . Derelict Logs Recovered 2 | . . 2 . . Drone Launches . | . . . . . Drone Recoveries . | . . . . . Exploration | -11 -10 -10 -10 -8 ------------- Run | Yrd Mat Min Sub Mat Turns Passed 2781 | 87 455 826 282 1131 Spaces Moved 1596 | 52 342 319 170 713 Core 2 | 1 . . . 1 Treads . | . . . . . Legs 3 | . . . . 3 Wheels 1591 | 51 342 319 170 709 Hover . | . . . . . Flight . | . . . . . Fastest Speed 50 | 50 90 105 105 105 Average Speed 104 | 99 94 105 107 109 Slowest Speed 1050 | 100 105 105 155 1050 Overloaded Moves . | . . . . . Propulsion Burnouts . | . . . . . Robots Hopped . | . . . . . Cave-ins Triggered . | . . . . . Exploration Rate (%) 38 | 4 54 54 16 63 Regions Visited 4 Branch Regions 2 Pre-discovered Areas 1 | . . 1 . . Known Exits Taken . | . . . . . Unknown Exits Taken 4 | 1 1 1 1 . Scrap Searched 1 | . . 1 . . Spaces Dug . | . . . . . Terrain Destroyed 61 | . . . 2 59 Melee . | . . . . . Projectile 7 | . . . . 7 AOE 54 | . . . 2 52 Terrain Rammed . | . . . . . Walls Destroyed . | . . . . . Machines Disabled . | . . . . . Actions | -11 -10 -10 -10 -8 --------- Run | Yrd Mat Min Sub Mat Total 2429 | 70 417 787 214 941 Wait 508 | . 24 454 . 30 Move 1592 | 51 341 318 169 713 Hop . | . . . . . Pick Up 62 | 4 8 3 6 41 Fast Attach 19 | 7 2 . 1 9 Attach 25 | . . . 5 20 Detach 1 | . . . . 1 Swap 23 | 1 4 1 6 11 Drop 41 | . 7 . . 34 Fire 135 | 7 31 11 27 59 Melee 23 | . . . . 23 Ram . | . . . . . Kick . | . . . . . Crush . | . . . . . Escape Stasis . | . . . . . Rewire . | . . . . . Trap . | . . . . . Miscellaneous . | . . . . . Route ------- -11/Scrapyard -10/Materials (discovered 2 exits: [*Mat] / [*Min]) -10/Mines -10/Subcaves (discovered 2 exits: *Mat / [*Rec]) -8/Materials (discovered 1 exit: Fac) History --------- Turn | Location | Event 24 | -11/Scrapyard | Discovered new exit (range 16) 88 | -11/Scrapyard | Entered Materials 329 | -10/Materials | Build established: Mutant 424 | -10/Materials | Discovered new exit (range 4) 497 | -10/Materials | Discovered new exit (range 16) 543 | -10/Materials | Entered Mines 544 | -10/Mines | Met a Derelict testing a Signal Generator 548 | -10/Mines | Found Signal Generator 677 | -10/Mines | Learned location of 1 exit from Materials 1328 | -10/Mines | Discovered new exit (range 5) 1369 | -10/Mines | Entered Subcaves 1415 | -10/Subcaves | Ambushed by Subdwellers from Twisted Machinery 1432 | -10/Subcaves | Core integrity fell below 50% 1505 | -10/Subcaves | Lost 4 parts (2n1u1w) 1513 | -10/Subcaves | Shifting Twisted Machinery released Sub. Beam Cannon 1610 | -10/Subcaves | Shifting Twisted Machinery released Sub. Beam Cannon 1614 | -10/Subcaves | Discovered new exit (range 15) 1622 | -10/Subcaves | Core integrity fell below 20% 1628 | -10/Subcaves | Discovered new exit (range 11) 1641 | -10/Subcaves | Shifting Twisted Machinery released Sub. Beam Cannon 1651 | -10/Subcaves | Entered Materials 1651 | -8/Materials | Evolved 4 slots: Propulsion x1, Utility x2, Weapon x1 1652 | -8/Materials | Identified exit to Factory 1795 | -8/Materials | Lost 4 parts (2n1u1w) 1945 | -8/Materials | Core integrity fell below 50% 1972 | -8/Materials | Lost 9 parts (1p2n2u4w) 2018 | -8/Materials | Garrison activated, responded to threat 2726 | -8/Materials | Core integrity fell below 20% 2762 | -8/Materials | Lost 3 parts (1p2u) 2782 | -8/Materials | Destroyed by H-61 Shepherd with Heavy Assault Cannon Last Messages --------------- 02745_ R-06 Scavenger inserts Lgt. Nuclear Core into recycling unit. 02748_ R-06 Scavenger inserts Reaction Control System into recycling unit. 02751_ R-06 Scavenger inserts Ion Cannon into recycling unit. 02754_ R-06 Scavenger inserts Aluminum Leg into recycling unit. 02754_ G-47 Trooper destroyed. 02757_ Acquired 47 matter. 02760_ R-06 Scavenger collects Lgt. Nuclear Core. 02761_ U-05 Engineer lays Concrete. 02761_ U-05 Engineer builds a Wall. 02762_ U-05 Engineer lays Concrete. 02765_ R-06 Scavenger collects Aluminum Leg. 02765_ Penetrated by Slug. 02765_ Knocked back. 02766_ The unstable cave ceiling collapses. 02777_ Knocked back. 02778_ Acquired 2 matter. Map ----- +----------------------------------------------------+ | ????????????# ##########????????# #??????# | | #####???????# ########??????????# #??????# | | #???????# # #??????????" % #??????? | | #???????# # !#??????????# #??????? | | #???????# #! #??????????# "??????? | | #???????# # """ #??????????# +??????? | | #???????# %+[""" !#??????????# "?????????? | | ##???????## =#%""" #??????????# #?????????? | | #?????????# ##########????????# #?????????? | | #?????????# ###??? " #????????? ?????????? | | #?????????# #???"G"#????????? ?????????? | | #?????????# ####" "#########? ??????????? | | #?????????+ ]! ?????????????? | | #?????????# ]! #???????????????? | | ####?????????# % #??#????????????? | | ?????????????# ] """#? ????????????? | | ?????????????# !! R"# "?????????????? | | ???????????### !! """# ??????????????? | | ???????????# +???????????????? | | ???????????# #???????????????? | | ???????????# #######+####### #???????????????? | | ???????????# ?# #???# #???????????????? | | ???????????#??# """ #???# ^ #???????????????? | | ??????????????# "Y ##??# +???????????????? | | ??????????????# """ %#### #####????????????? | | ??????????# " ! +%@H =[ #????????????? | | ??????????# # """ ##;####+### ##???????????? | | ??????????????# """ # ] = = #??????????? | | ??????????????# """ # [ #??????????? | | ??????????????# # """ #?????????? | | ??????????????########## """ ! ##?????????? | | ???????????????????????# """ # #?????????? | | ???????????????????????# #?????????? | | ???????????????????????##### #?????????? | | | | | | | | | | | | | | | | | | | | | | | | | | | | | | | | | +----------------------------------------------------+ Best States ------------- Heat Dissipation 45 Energy Generation 15 Energy Capacity 250 Matter Stores 300 Matter Capacity 300 Sight Range 21 Terrain Scan Density 10 Base Temperature (-) 100 Armor Coverage 450 Propulsion Shielding 33 Evasion (%) 42 Item Schematics ----------------- None Robot Schematics ------------------ None Fabricated ------------ Nothing Alien Tech Used ----------------- None Achievements -------------- Let's See Who's Tougher Challenges ------------ None Game ------ Seed MomentumAlloyMapper Manual? 0 Play Time 00:27:39 Cumulative 19.6 hours Start 2024.04.11 @ 15:11:22 End 2024.04.11 @ 15:38:32 Sessions 1 Manual Loads 0 Difficulty Rogue Special Mode None Game No. 18 Rogue 12 Adventurer 6 Explorer 0 Win Type - Total 0 Types 0/0/0/0/0/0/0/0/0 Lore% 12 Gallery% 28 Achievement% 23 Wizard Run 0 Options --------- Layout 1 ASCII 0 Keyboard 0 Movement Mouse Keybinds 0 Fullscreen 2 Font 18/SmallcapsGlow Map View 51x43 Zoom Use 0% Tactical HUD 1 Map Filters NONE Filters NONE Steam 0 RUN: 01960b33-7165-4716-b395-98b6a5215d2d